Menche, lawful male human Samurai --------- |........#### |.......| # |.......| ### ------------- |.......| # |`.........`| |.......| ### |.....`.....| |.......| # |...-.---...| --------- ### |...|.{.|...| # |..`|{.{|`..| ##....|.{.|..%.%## |...-----...| # |.....`.....| ###--.--+----- --- |`.........`| #..dd..........| ------------- |..@..........| |....?..>.....| |.............| --------------- Menche the Ronin Experience level: 5 Strength: 17 Dexterity: 12 Constitution: 18 Intelligence: 8 Wisdom: 10 Charisma: 12 Health: 0(51) Energy: 17(17) Def: 7 Gold: 1 Moves: 2338 Dungeon seed: NCgFiveiKTr4m6X6 Game ID: Menche_1464569639 Your Inventory: Coins $ - a gold piece Amulets g - an uncursed amulet of unchanging i - a cursed amulet of change Weapons a - a +0 katana (weapon in hand) b - a +0 wakizashi (alternate weapon; not wielded) c - a +0 yumi d - 26 +0 ya (in quiver) q - a +0 long sword Armor e - a blessed rustproof +0 splint mail (being worn) n - an uncursed +0 orcish helm (being worn) Comestibles o - an uncursed tripe ration w - 3 uncursed gunyoki x - an uncursed egg Scrolls h - a blessed scroll of amnesia m - 2 uncursed scrolls of magic mapping s - an uncursed scroll of light v - an uncursed scroll of identify Potions j - a blessed potion of restore ability l - an uncursed potion of healing p - an uncursed potion of water u - an uncursed potion of extra healing z - an uncursed potion of paralysis Rings t - a cursed -4 ring of adornment Spells and supernatural/magical abilities: Name Level Category Fail Memory W - pray for help -- divine ? -- Your skills at the end: Fighting Skills martial arts [Basic] wands [Basic] Weapon Skills short sword [Basic] long sword [Basic] bow [Basic] Spellcasting Skills Final Attributes: You were piously aligned. You were poison resistant. You aggravated monsters. You were fast. You are dead. Vanquished creatures: a raven a rock piercer a shrieker a golden naga hatchling a ghoul a little dog 2 kittens a rabid rat a dwarf zombie an iguana a manes a hobgoblin a yellow mold a green mold 6 geckos 3 jackals a kobold 4 goblins 3 grid bugs 3 bats 3 lichens 6 newts 44 creatures vanquished. Voluntary challenges: You used a wielded weapon 58 times, starting on turn 99. You were illiterate. You never genocided any monsters. You never polymorphed an object. You never changed form. You used no wishes. You never split a pudding. You never wrote Elbereth's name. You never violated your personal moral code. Dungeon overview: The Dungeons of Doom: levels 1 to 7 Level 1 a long staircase Level 2 a fountain Level 3 some fountains Level 4 a long staircase Level 5 a fountain Level 6 Level 7 <- You were here many fountains History has recorded: On T:1 you entered the Dungeons of Doom to retrieve the Amulet of Yendor! On T:473 you reached level 2 of The Dungeons of Doom. On T:642 you advanced to experience level 2. On T:918 you reached level 3 of The Dungeons of Doom. On T:1023 you advanced to experience level 3. On T:1483 you reached level 4 of The Dungeons of Doom. On T:1513 you advanced to experience level 4. On T:1914 you reached level 5 of The Dungeons of Doom. On T:2149 you reached level 6 of The Dungeons of Doom. On T:2184 you reached level 7 of The Dungeons of Doom. On T:2199 you advanced to experience level 5. On T:2254 you received advice from The Oracle. Score breakdown: Gold: 1 ( 1024 points) Experience: 5 levels (11141 points) Exploration: 7 levels ( 14.00%) (10497 points) Discoveries: 0 items ( 0.00%) ( 0 points) Valuables value: (no points given unless you survive) Artifact value: 0 ( 0 points) Variety of kills: 22 monsters ( 5.74%) ( 7190 points) Turncount: 2338 turns ( -231 points) Survival: died (score multiplied by 80%) Total score: 23696 Latest messages: You miss it. It bites! It misses. It bites! "Nevermore!" It bites! It misses. It bites! You hit it. It misses. It just misses! You kill it! You attack thin air. You can't see! (You can feel around with 'grope', typically on ^G.) You try to feel what is lying here on the ground. You feel no objects here. Use the 'moveonly' command to move into a remembered wall. (3x) You can see again. The wolf bites! The wolf just misses! You hit the wolf. The wolf bites! You miss the wolf. (2x) The wolf bites! You die... Final status: Sayonara Menche the Samurai, killed by a wolf... You died in The Dungeons of Doom on dungeon level 7 with 23696 points, and 1 piece of gold, after 2338 moves. You were level 5 with a maximum of 51 hit points when you died.